 Dungeon Crawl Stone Soup version 0.20.1-1-g8b1a95d (webtiles) character file.

1807 equalderp2856 the Cleaver (level 8, -1/70 HPs)
             Began as a Minotaur Fighter on Aug 9, 2017.
             Slain by a killer bee (6 damage)
             ... on level 6 of the Dungeon.
             The game lasted 00:14:26 (5992 turns).

equalderp2856 the Cleaver (Minotaur Fighter)        Turns: 5992, Time: 00:14:27

Health: -1/70      AC: 12    Str: 20    XL:     8   Next: 84%
Magic:  7/7        EV:  7    Int:  5    God:
Gold:   342        SH: 10    Dex: 13    Spells: 7/7 levels left

rFire    . . .     SeeInvis .   a - +0 war axe
rCold    . . .     Gourm    .   c - +0 shield
rNeg     . . .     Faith    .   I - +0 chain mail
rPois    .         Spirit   .   (helmet restricted)
rElec    .         Reflect  .   (no cloak)
rCorr    .         Harm     .   D - +1 pair of gloves
MR       .....                  (no boots)
Stlth    ..........             (no amulet)
Regen    0.3/turn               (no ring)
MPRegen  0.1/turn               (no ring)

@: lethally poisoned (-1 -> -4), hasted, very quick
A: retaliatory headbutt, horns 2
a: no special abilities


You were on level 6 of the Dungeon.
You were hungry.

You visited 1 branch of the dungeon, and saw 7 of its levels.

You collected 342 gold pieces.

Inventory:

Hand Weapons
 a - a +0 war axe (weapon)
 B - a +0 hunting sling
 G - the +6 dagger "Wuaduy" {flame, Dex+5, unknown}
   (You found it on level 4 of the Dungeon)

   It has been specially enchanted to burn those struck by it, causing extra
   injury to most foes and up to half again as much damage against particularly
   susceptible opponents.
   It affects your dexterity (+5).
Missiles
 t - 172 stones (quivered)
 v - 5 needles of sleeping
 w - 34 arrows
 y - 61 bolts
 A - 20 poisoned needles
 H - 4 tomahawks
 L - 14 sling bullets
Armour
 b - a +0 scale mail
 c - a +0 shield (worn)
 z - a +0 robe
 D - a +1 pair of gloves (worn)
 I - a +0 chain mail (worn)
Jewellery
 i - an uncursed ring of protection from cold {unknown}
 j - an uncursed ring of resist corrosion {unknown}
 p - an uncursed ring of positive energy {unknown}
 r - an uncursed ring of fire {unknown}
 N - an uncursed amulet of rage {unknown}
Wands
 P - a wand of acid (5/15)
Scrolls
 d - a scroll of teleportation {unknown}
 e - a scroll of immolation {unknown}
 k - 3 scrolls of fog {unknown}
 l - 2 scrolls of identify {unknown}
 m - 2 scrolls of magic mapping {unknown}
 n - a scroll of recharging {unknown}
 o - 2 scrolls of amnesia
 q - 3 scrolls of blinking {unknown}
 x - a scroll of noise {unknown}
 E - a scroll of enchant armour {unknown}
 J - a scroll of acquirement {unknown}
 M - a scroll of remove curse {unknown}
 O - a scroll of vulnerability {unknown}
Potions
 h - 2 potions of lignification
 s - a potion of degeneration
 C - a potion of flight
Books
 u - a book of Misfortune

   Spells                             Type                      Level
   a - Confusing Touch                Hexes                        1
   b - Confuse                        Hexes                        3
   c - Gell's Gravitas                Translocation                3
   d - Petrify                        Transmutation/Earth          4
   e - Metabolic Englaciation         Hexes/Ice                    5
   f - Yara's Violent Unravelling     Hexes/Transmutation          5
Comestibles
 f - 5 bread rations
 g - 5 meat rations
 K - a royal jelly


   Skills:
 + Level 6.1 Fighting
 + Level 9.8 Axes
 + Level 6.4 Armour
 + Level 3.1 Dodging
 + Level 0.8 Stealth
 + Level 6.3 Shields


You had 7 spell levels left.
You didn't know any spells.

Dungeon Overview and Level Annotations

Branches:
Dungeon (7/15)             Temple (0/1) D:5

Altars:
Ashenzari
Okawaru
Trog


Innate Abilities, Weirdness & Mutations

You reflexively headbutt those who attack you in melee.
You have a pair of horns on your head.


Message History

You miss the killer bee.
The killer bee is lightly wounded.
You feel sick.
The killer bee stings you but does no damage. x2
Your shield and chain mail prevent you from hitting the killer bee.
Your headbutt misses the killer bee.
The killer bee is lightly wounded.
You feel sick. The killer bee stings you.
* * * LOW HITPOINT WARNING * * *
You block the killer bee's attack.
It was a potion of haste.
You feel yourself speed up.
You feel sick. You block the killer bee's attack.
The killer bee stings you but does no damage.
You feel sick. The killer bee barely misses you.
You feel sick.
You feel sick.
The killer bee stings you but does no damage.
You feel sick. The killer bee stings you.
You die...

#... ##c #.. ##.##
#.###....#
###.......## ..
#.>.......#. ..
#.##.....##.. ..
#<##.....#... ..
#.##.....#....
#@##..####. ..#
#y###.# #.# #.###
#.# #.# ..###...
#.###.####.#.#.###
#..........#......
#####.######.#.###
#.# #....## #.#
####...... #.#
#.......##


You could see a killer bee.

Vanquished Creatures
  Grinder (D:5)
  Sigmund (D:5)
  Menkaure (D:4)
  A phantom (D:4)
  An orc warrior (D:4)
  3 ogres
  A centaur (D:7)
  A scorpion (D:6)
  Dowan (D:6)
  3 killer bees
  A bullfrog zombie (D:5)
  A crimson imp (D:6)
  A centaur zombie (D:5)
  2 hounds
  An orc priest (D:6)
  A jelly (D:5)
  An orc wizard (D:5)
  2 iguanas
  3 worker ants
  A hound skeleton (D:5)
  4 gnolls
  5 adders
  An ooze (D:2)
  5 worms
  A dart slug (D:1)
  4 leopard geckos
  14 orcs
  4 giant cockroaches
  9 goblins
  10 hobgoblins
  10 jackals
  3 quokkas
  A ball python (D:6)
  9 bats
  A frilled lizard (D:2)
  8 kobolds
  14 rats
131 creatures vanquished.

Vanquished Creatures (others)
  A jackal (D:1)
1 creature vanquished.

Grand Total: 132 creatures vanquished

Notes
Turn   | Place    | Note
-------+----------+-------------------------------------------
     0 | D:1      | equalderp2856 the Minotaur Fighter began the quest for the Orb.
     0 | D:1      | Reached XP level 1. HP: 19/19 MP: 0/0
     2 | D:1      | Noticed a tengu
     2 | D:1      | Noticed a demonspawn
     4 | D:1      | Noticed a merfolk
     4 | D:1      | Noticed a felid
     6 | D:1      | Noticed a formicid
     8 | D:1      | Noticed a minotaur
    22 | D:1      | Noticed a human
    22 | D:1      | Noticed a draconian
    24 | D:1      | Noticed a vine stalker
    24 | D:1      | Noticed a troll
    28 | D:1      | Noticed a demigod
    28 | D:1      | Noticed a naga
    30 | D:1      | Noticed a gargoyle
    30 | D:1      | Noticed an elf
    32 | D:1      | Noticed a halfling
    32 | D:1      | Noticed a spriggan
    36 | D:1      | Noticed an ogre
    36 | D:1      | Noticed a ghoul
    38 | D:1      | Noticed a centaur
    38 | D:1      | Noticed a vampire
    40 | D:1      | Noticed a dwarf
    40 | D:1      | Noticed an octopode
   162 | D:1      | Reached XP level 2. HP: 20/27 MP: 1/1
  1006 | D:2      | Reached skill level 3 in Axes
  1041 | D:2      | Reached XP level 3. HP: 27/33 MP: 2/2
  1073 | D:2      | Found a faded altar of an unknown god.
  1340 | D:2      | Reached XP level 4. HP: 36/40 MP: 3/3
  1740 | D:3      | Found an iron altar of Okawaru.
  1759 | D:3      | Reached skill level 1 in Dodging
  1763 | D:3      | Reached skill level 4 in Axes
  2028 | D:3      | Noticed a moth of wrath
  2031 | D:3      | Found a bloodstained altar of Trog.
  2697 | D:4      | Reached XP level 5. HP: 46/46 MP: 4/4
  2828 | D:4      | Noticed a phantom
  2849 | D:4      | Killed a phantom
  2849 | D:4      | Reached skill level 5 in Axes
  3091 | D:4      | Noticed Menkaure
  3180 | D:4      | Got a brightly glowing dagger
  3399 | D:4      | Reached XP level 6. HP: 53/53 MP: 5/5
  3629 | D:4      | Reached skill level 6 in Axes
  3674 | D:5      | Entered Level 5 of the Dungeon
  3723 | D:5      | Noticed Grinder
  3730 | D:5      | Killed Grinder
  3730 | D:5      | Reached skill level 5 in Fighting
  3730 | D:5      | Reached skill level 7 in Axes
  3730 | D:5      | Reached skill level 5 in Armour
  3730 | D:5      | Reached XP level 7. HP: 57/61 MP: 6/6
  3940 | D:5      | Noticed Sigmund
  4034 | D:6      | Reached skill level 5 in Shields
  4181 | D:6      | HP: 3/61 [orc priest/divine providence (11)]
  4519 | D:7      | Reached skill level 8 in Axes
  4525 | D:7      | Reached XP level 8. HP: 22/69 MP: 7/7
  4995 | D:6      | Noticed Dowan
  5007 | D:6      | Killed Dowan
  5479 | D:5      | Killed Sigmund
  5479 | D:5      | Reached skill level 9 in Axes
  5494 | D:4      | Killed Menkaure
  5590 | D:5      | Found a staircase to the Ecumenical Temple.
  5950 | D:6      | Found a shattered altar of Ashenzari.
  5992 | D:6      | Slain by a killer bee

Skill      XL: |  1  2  3  4  5  6  7  8 |
---------------+-------------------------+-----
Shields        | 4 5 6 |  6.3
Axes           | 3 4 5 7 8 9 |  9.8
Fighting       | 4 5 6 |  6.1
Dodging        | 1 2 3 |  3.1
Armour         | 4 5 6 |  6.4
Stealth        | |  0.8

Action                   |  1- 3 |  4- 6 |  7- 9 || total
-------------------------+-------+-------+-------++-------
Melee: War axe           |    90 |   120 |   180 ||   390
       Headbutt          |    17 |    17 |    29 ||    63
  Use: Potion            |       |     1 |     8 ||     9
       Scroll            |       |       |     1 ||     1
  Eat: Chunk             |     1 |     8 |     7 ||    16
Armor: Scale mail        |    42 |    47 |    46 ||   135
       Skin              |       |     2 |       ||     2
       Chain mail        |       |       |    26 ||    26
Dodge: Dodged            |    22 |    35 |    59 ||   116
Block: Shield            |    41 |    64 |   109 ||   214
